Map: Jagannatha LE

Players

PtitDrogo - Winner!

  • Race: Protoss Protoss
  • League: Grandmaster

GunGFuBanDa

  • Race: Protoss Protoss
  • League: Grandmaster

Event: DreamHack SC2 Masters 2021 Summer

VOD

Have the link to the VOD?

Description

Time

  • Played on: May 22, 2021, 11:41 a.m.
  • Length: 10:39

All games in this series

Show
View Real Time Build Order
Export as new Build Order

PtitDrogo Protoss - Winner!

Build Orders: Phoenix Opening, Blink Stalkers, Zealot Archon 

Get SALT Encoding   

  12  0:00  Probe  
  13  0:12  Probe  
  14  0:18  Pylon  
  14  0:24  Probe (Chrono Boost)  
  15  0:36  Probe (Chrono Boost)  
  15  0:38  Gateway  
  16  0:45  Probe (Chrono Boost)  
  16  0:46  Assimilator  
  17  0:51  Probe  
  17  0:55  Assimilator  
  18  1:03  Probe (Chrono Boost)  
  19  1:10  Gateway  
  19  1:14  Probe (Chrono Boost)  
  20  1:18  Probe (Chrono Boost)  
  21  1:26  Cybernetics Core  
  21  1:31  Probe  
  22  1:37  Pylon  
  22  1:44  Probe  
  23  1:59  Probe  
  24  2:04  Stalker x2, Warp Gate  
  28  2:17  Pylon  
  28  2:21  Pylon  
  28  2:34  Sentry  
  30  2:46  Nexus  
  30  2:49  Probe (Chrono Boost)  
  32  2:59  Probe (Chrono Boost)  
  32  3:03  Twilight Council  
  32  3:07  Probe  
  33  3:14  Phoenix  
  33  3:19  Probe (Chrono Boost)  
  34  3:26  Forge  
  32  3:31  Probe (Chrono Boost)  
  33  3:38  Probe (Chrono Boost)  
  33  3:39  Pylon  
  34  3:43  Blink  
  34  3:45  Probe  
  35  3:52  Sentry x2  
  39  3:57  Probe  
  39  3:59  Probe (Chrono Boost)  
  41  4:03  Phoenix  
  41  4:04  Protoss Ground Weapons Level 1 (Chrono Boost)  
  42  4:11  Probe (Chrono Boost)  
  42  4:13  Probe (Chrono Boost)  
  43  4:20  Probe (Chrono Boost)  
  43  4:22  Probe (Chrono Boost)  
  45  4:28  Probe (Chrono Boost)  
  45  4:29  Probe (Chrono Boost)  
  47  4:32  Nexus  
  47  4:36  Probe  
  47  4:37  Probe  
  49  4:39  Robotics Facility  
  49  4:42  Assimilator  
  49  4:48  Probe  
  49  4:49  Probe  
  49  4:52  Pylon  
  51  4:53  Phoenix  
  51  5:01  Probe (Chrono Boost)  
  51  5:04  Probe (Chrono Boost)  
  53  5:08  Gateway  
  53  5:09  Gateway  
  53  5:11  Probe (Chrono Boost)  
  53  5:13  Shield Battery  
  55  5:14  Probe (Chrono Boost)  
  55  5:16  Probe (Chrono Boost)  
  56  5:23  Stalker x2  
  56  5:28  Probe x2 (Chrono Boost), Observer  
  63  5:34  Pylon  
  63  5:37  Probe (Chrono Boost)  
  63  5:40  Probe (Chrono Boost)  
  65  5:44  Probe (Chrono Boost)  
  65  5:45  Probe (Chrono Boost)  
  65  5:48  Charge  
  68  5:54  Probe (Chrono Boost), Immortal (Chrono Boost)  
  68  5:55  Probe (Chrono Boost)  
  74  5:57  Probe (Chrono Boost)  
  74  5:59  Gateway  
  74  6:00  Probe (Chrono Boost)  
  74  6:01  Probe (Chrono Boost), Gateway  
  76  6:06  Probe, Pylon  
  76  6:10  Protoss Ground Weapons Level 2 (Chrono Boost)  
  78  6:15  Templar Archives  
  78  6:19  Gateway  
  77  6:29  Gateway  
  77  6:30  Gateway  
  77  6:31  Immortal (Chrono Boost)  
  81  6:38  Nexus  
  81  6:42  Pylon  
  81  6:48  Zealot x4  
  89  6:57  Gateway, Pylon  
  89  6:59  Gateway  
  89  7:00  Warp Prism (Chrono Boost)  
  89  7:06  High Templar x2, Pylon  
  95  7:10  Archon  
  95  7:12  Zealot x3  
  95  7:14  Zealot  
  103  7:24  Zealot x3  
  103  7:28  Pylon  
  109  7:30  Pylon  
  109  7:36  Zealot x4  
  115  7:37  Probe  
  116  7:47  Pylon  
  116  7:49  Zealot x4, Pylon x2  
  124  7:58  Observer  
  112  8:08  Probe x2  
  112  8:10  High Templar x4  
  112  8:11  Zealot x5  
  112  8:12  Zealot x2  
  134  8:14  Archon  
  134  8:15  Archon  
  134  8:24  Warp Prism (Chrono Boost)  
  134  8:38  Photon Cannon  
  134  8:39  Photon Cannon  
  134  8:40  Zealot x6  
  146  8:44  Zealot x2  
  150  8:58  Pylon  
  150  9:01  Pylon  
  150  9:08  Zealot  
  150  9:09  Zealot x6  
  164  9:10  High Templar  
  164  9:11  High Templar  
  164  9:12  Zealot x2  
  164  9:15  Archon  
  115  9:46  Zealot x2  
  115  9:47  Zealot x9  
  115  9:57  Probe  
  102  10:07  Zealot x11  
  100  10:27  Zealot x11  
  124  10:38  Assimilator  
Show
View Real Time Build Order
Export as new Build Order

GunGFuBanDa Protoss 

Build Orders: Blink Stalkers, Zealot Archon 

Get SALT Encoding   

  12  0:00  Probe  
  13  0:12  Probe  
  14  0:17  Pylon  
  14  0:24  Probe (Chrono Boost)  
  15  0:36  Probe (Chrono Boost)  
  15  0:38  Gateway  
  16  0:43  Probe (Chrono Boost)  
  16  0:46  Assimilator  
  17  0:50  Probe  
  17  0:54  Assimilator  
  18  1:03  Probe (Chrono Boost)  
  19  1:08  Gateway  
  19  1:13  Probe (Chrono Boost)  
  20  1:18  Probe  
  20  1:25  Cybernetics Core  
  21  1:30  Probe  
  22  1:35  Pylon  
  22  1:43  Probe  
  23  1:55  Probe  
  24  2:01  Sentry, Stalker  
  24  2:02  Warp Gate  
  28  2:08  Probe  
  28  2:13  Pylon  
  29  2:17  Pylon  
  29  2:39  Nexus  
  29  2:42  Stalker (Chrono Boost)  
  31  2:53  Shield Battery  
  31  3:00  Probe  
  31  3:04  Sentry  
  31  3:05  Sentry  
  35  3:13  Twilight Council  
  35  3:16  Probe (Chrono Boost)  
  34  3:28  Probe (Chrono Boost)  
  34  3:31  Forge  
  35  3:36  Probe (Chrono Boost)  
  36  3:43  Probe (Chrono Boost)  
  36  3:44  Pylon  
  37  3:51  Probe (Chrono Boost)  
  37  3:53  Blink  
  39  4:00  Probe x2 (Chrono Boost)  
  40  4:03  Protoss Ground Weapons Level 1 (Chrono Boost)  
  40  4:05  Probe (Chrono Boost)  
  40  4:09  Probe (Chrono Boost)  
  43  4:17  Probe (Chrono Boost)  
  43  4:24  Probe (Chrono Boost)  
  44  4:25  Probe (Chrono Boost)  
  44  4:30  Nexus  
  45  4:32  Probe  
  45  4:37  Probe  
  47  4:43  Robotics Facility  
  47  4:44  Probe  
  48  4:49  Probe (Chrono Boost)  
  49  4:53  Assimilator  
  51  5:01  Probe (Chrono Boost), Stalker  
  51  5:02  Probe (Chrono Boost)  
  51  5:05  Pylon  
  53  5:07  Probe (Chrono Boost)  
  53  5:10  Probe (Chrono Boost), Gateway  
  55  5:14  Gateway  
  55  5:15  Probe (Chrono Boost)  
  57  5:24  Probe (Chrono Boost)  
  57  5:27  Probe (Chrono Boost)  
  58  5:30  Shield Battery  
  58  5:31  Observer  
  58  5:35  Probe (Chrono Boost)  
  61  5:36  Probe (Chrono Boost)  
  61  5:43  Probe (Chrono Boost)  
  61  5:45  Stalker x2  
  61  5:46  Probe (Chrono Boost)  
  68  5:50  Probe (Chrono Boost)  
  68  5:52  Immortal  
  68  5:53  Probe (Chrono Boost)  
  68  5:56  Probe (Chrono Boost)  
  68  5:57  Probe (Chrono Boost), Pylon  
  75  5:58  Probe (Chrono Boost), Charge  
  76  6:06  Probe  
  76  6:07  Protoss Ground Weapons Level 2 (Chrono Boost), Gateway  
  76  6:09  Gateway  
  76  6:10  Probe  
  78  6:14  Probe  
  79  6:19  Gateway  
  79  6:21  Gateway  
  79  6:22  Pylon  
  79  6:25  Stalker  
  81  6:35  Pylon  
  81  6:41  Nexus  
  81  6:43  Zealot x3  
  87  6:48  Probe x2  
  87  6:49  Templar Archives  
  87  6:50  Probe  
  90  6:55  Shield Battery  
  90  6:58  Pylon  
  90  7:00  Probe  
  91  7:03  Assimilator  
  91  7:09  Pylon  
  91  7:12  Zealot x2  
  91  7:13  Zealot x4  
  103  7:20  Probe  
  103  7:21  Probe  
  105  7:23  Probe  
  106  7:32  Probe  
  106  7:34  High Templar x2  
  106  7:35  High Templar x2, Zealot x4  
  123  7:38  Pylon  
  123  7:40  Archon  
  123  7:41  Probe, Archon  
  123  7:43  Pylon  
  123  7:44  Photon Cannon  
  121  7:52  Shield Battery  
  121  7:55  Pylon  
  113  8:02  Stalker x3  
  113  8:03  Stalker  
  109  8:07  Stalker  
  109  8:08  Stalker x3  
  109  8:09  Probe  
  109  8:11  Probe x2  
  109  8:12  Warp Prism  
  123  8:20  Probe  
  123  8:22  Shield Battery  
  119  8:31  Zealot x4  
  119  8:32  Zealot x4  
  129  8:39  Robotics Bay  
  129  8:42  Probe x2  
  129  8:43  Probe  
  129  8:56  High Templar x2  
  129  8:57  Zealot x6  
  129  9:01  Archon  
  145  9:05  Photon Cannon  
  145  9:08  Shield Battery  
  145  9:11  Photon Cannon  
  145  9:13  Probe x2, Shield Battery  
  147  9:18  Zealot x4  
  149  9:35  Zealot x4  
  153  9:42  Probe x2  
  153  9:43  Zealot x4  
  132  9:47  Probe, Immortal  
  115  9:55  Zealot x3  
  115  9:56  Zealot  
  110  10:03  Zealot  
  110  10:04  Zealot x3  
  100  10:12  Probe x2  
  83  10:16  Zealot x3  
  83  10:25  Stalker x5  
  92  10:32  Dark Shrine  
Tags
 
Add a new tag
Caveats
  • Supply blocks, unpowered buildings, or Contaminate may cause inaccurate times.
  • Supply counts are checked every 10 seconds.